[Event "FIDE World Rapid-ch Open 2018"]
[White "Amonatov, Farrukh"]
[Black "Artemiev, Vladislav"]
[Site "St. Petersburg"]
[Round "3.3"]
[Annotator "ChessBase"]
[Result "0-1"]
[Date "2018.12.26"]
[WhiteElo "2614"]
[BlackElo "2709"]
[PlyCount "64"]
[TimeControl "900+10"]

1. e4 c5 2. Nf3 d6 3. d4 cxd4 4. Nxd4 Nf6 5. Nc3 a6 6. Bc4 e6 7. Bb3 Nbd7 8. 0-0 Nc5 9. Bg5 Be7 10. Re1 0-0 11. f4 h6 12. Bh4 Bd7 13. e5 dxe5 14. fxe5 Nd5 15. Bxe7 Nxe7 16. Ne4 Qc7 17. Qh5 Nxb3 18. axb3 Ng6 19. Nd6 Rad8 20. Rad1 Bc8 21. c3 Nxe5 22. Nxc8 Nc6 23. Nxc6 bxc6 24. Qc5 Qxc8 25. c4 Qb7 26. b4 Rb8 27. Rd6 Qxb4 28. Qxb4 Rxb4 29. Rxc6 Rxb2 30. Rxa6 Rc2 31. Rc6 Rd8 32. Rf1 Rdd2 0-1

[Event "FIDE World Rapid-ch Open 2018"]
[White "Harikrishna, Pentala"]
[Black "Shirov, Alexei"]
[Site "St. Petersburg"]
[Round "3.7"]
[Annotator "ChessBase"]
[Result "1/2-1/2"]
[Date "2018.12.26"]
[WhiteElo "2725"]
[BlackElo "2643"]
[PlyCount "183"]
[TimeControl "900+10"]

1. e4 e5 2. Nf3 Nc6 3. Bc4 Bc5 4. c3 Nf6 5. d3 0-0 6. 0-0 d5 7. exd5 Nxd5 8. a4 a5 9. Re1 Nb6 10. Bb5 f6 11. Nbd2 Na7 12. d4 exd4 13. Ne4 Nxb5 14. Nxc5 Qd5 15. axb5 Qxc5 16. Nxd4 Bd7 17. Be3 Qd5 18. Bf4 c5 19. bxc6 Bxc6 20. Qg4 Bd7 21. Qg3 a4 22. h4 Rfe8 23. Rad1 Rxe1+ 24. Rxe1 Re8 25. Rxe8+ Bxe8 26. Qe3 Bf7 27. Qe7 Nc4 28. Qb4 h6 29. Qxa4 Nxb2 30. Qc2 Nc4 31. Qe2 Ne5 32. Bxe5 Qxe5 33. Qxe5 fxe5 34. Nf3 e4 35. Ne5 Bd5 36. Kf1 Kf8 37. c4 Be6 38. Ke2 Ke7 39. Ke3 Kd6 40. Kxe4 Kc5 41. Kd3 b5 42. cxb5 Kxb5 43. Kd4 Kb6 44. Nd3 Kc6 45. Ke5 Bf7 46. f4 Kd7 47. f5 Ke7 48. Nf4 Bb3 49. g3 Kf7 50. Ng2 Bd1 51. Ne3 Be2 52. Nd5 Bf3 53. Nf4 Bd1 54. Ne6 Be2 55. Nd8+ Ke7 56. Nc6+ Kf7 57. Kf4 Bd1 58. g4 Kf6 59. Ne5 Be2 60. Ng6 Bd1 61. g5+ hxg5+ 62. hxg5+ Kf7 63. Ke5 Bc2 64. Nf4 Bb1 65. Nd5 Bc2 66. Nc7 Bb1 67. Ne6 Kg8 68. Nd8 Kf8 69. Nb7 Kf7 70. Nd6+ Ke7 71. Nb5 Kf7 72. Nc3 Bc2 73. Nd5 Bb1 74. g6+ Kf8 75. Nf4 Bc2 76. Ne6+ Kg8 77. Nd4 Bb1 78. Kd6 Kf8 79. Ke6 Ba2+ 80. Kd7 Bb1 81. Kd6 Bd3 82. Ne6+ Kg8 83. Ke5 Bb1 84. Nd4 Kf8 85. Nb5 Ke7 86. Nc3 Bc2 87. Nd5+ Kf8 88. Ne3 Bb1 89. Kd6 Ba2 90. Nc2 Bb1 91. Nd4 Bd3 92. Kd5 1/2-1/2

[Event "FIDE World Rapid-ch Open 2018"]
[White "Kamsky, Gata"]
[Black "Timofeev, Artyom"]
[Site "St. Petersburg"]
[Round "3.8"]
[Annotator "ChessBase"]
[Result "1/2-1/2"]
[Date "2018.12.26"]
[WhiteElo "2666"]
[BlackElo "2589"]
[PlyCount "29"]
[TimeControl "900+10"]

1. d4 Nf6 2. Nf3 g6 3. c3 Bg7 4. Bf4 b6 5. e3 Bb7 6. a4 a6 7. Nbd2 d6 8. h3 c5 9. Be2 0-0 10. 0-0 Nc6 11. Bh2 cxd4 12. exd4 d5 13. Bd3 Nd7 14. Re1 Re8 15. Nb3 1/2-1/2

[Event "FIDE World Rapid-ch Open 2018"]
[White "Andreikin, Dmitry"]
[Black "Yudin, Sergei"]
[Site "St. Petersburg"]
[Round "3.10"]
[Annotator "ChessBase"]
[Result "1-0"]
[Date "2018.12.26"]
[WhiteElo "2719"]
[BlackElo "2507"]
[PlyCount "133"]
[TimeControl "900+10"]

1. Nf3 e6 2. c4 d5 3. e3 c6 4. b3 f5 5. Be2 Nf6 6. 0-0 Nbd7 7. cxd5 exd5 8. Qc2 g6 9. Bb2 Bd6 10. d3 0-0 11. Nbd2 Re8 12. Rae1 Bf8 13. e4 Bg7 14. Nd4 fxe4 15. dxe4 Nf8 16. exd5 cxd5 17. Bb5 Rxe1 18. Rxe1 Bd7 19. Qc5 Bxb5 20. Nxb5 b6 21. Qe7 Qxe7 22. Rxe7 N8d7 23. Nc7 Rc8 24. Nxd5 Rc2 25. Nc4 Bf8 26. Rxd7 Nxd7 27. Nde3 Rxb2 28. Nxb2 Kf7 29. Kf1 Ke6 30. Ke2 Nc5 31. f3 Bd6 32. g3 h5 33. Nd3 Nd7 34. f4 Nf6 35. Kf3 b5 36. h3 Nd5 37. Nd1 a5 38. g4 hxg4+ 39. hxg4 a4 40. Ke4 Nf6+ 41. Kf3 Nd5 42. bxa4 bxa4 43. N3b2 a3 44. Nc4 Be7 45. g5 Bf8 46. Ke4 Nb4 47. Nc3 Bg7 48. Nb5 Nxa2 49. Ncxa3 Nb4 50. Nc4 Nc6 51. Nc7+ Kd7 52. Nd5 Ke6 53. Nc7+ Kd7 54. Na6 Ke6 55. Nc5+ Ke7 56. Nd3 Ke6 57. Nce5 Ne7 58. Nc5+ Kd6 59. Nb7+ Kc7 60. Na5 Kd6 61. Nb3 Bxe5 62. fxe5+ Kc6 63. Nd4+ Kd7 64. Ne2 Kc6 65. Nf4 Kd7 66. Kd4 Kc6 67. Kc4 {[%emt 0:0:7] Kd5+} 1-0

[Event "FIDE World Rapid-ch Open 2018"]
[White "Alekseenko, Kirill"]
[Black "Dubov, Daniil"]
[Site "St. Petersburg"]
[Round "3.11"]
[Annotator "ChessBase"]
[Result "1/2-1/2"]
[Date "2018.12.26"]
[WhiteElo "2638"]
[BlackElo "2703"]
[PlyCount "51"]
[TimeControl "900+10"]

1. e4 c5 2. Nf3 Nc6 3. d4 cxd4 4. Nxd4 Nf6 5. Nc3 e5 6. Ndb5 d6 7. Bg5 a6 8. Na3 b5 9. Nd5 Be7 10. Bxf6 Bxf6 11. c4 b4 12. Nc2 0-0 13. g3 Rb8 14. Bg2 b3 15. axb3 Rxb3 16. Ra2 Be6 17. Nce3 Nd4 18. 0-0 Bg5 19. h4 Bxe3 20. Nxe3 Qb6 21. Qa1 a5 22. Rxa5 Rxb2 23. Ra6 Qb4 24. Qe1 Qxe1 25. Rxe1 Nc2 26. Nxc2 1/2-1/2

[Event "FIDE World Rapid-ch Open 2018"]
[White "Gelfand, Boris"]
[Black "Roiz, Michael"]
[Site "St. Petersburg"]
[Round "3.12"]
[Annotator "ChessBase"]
[Result "1/2-1/2"]
[Date "2018.12.26"]
[WhiteElo "2673"]
[BlackElo "2605"]
[PlyCount "61"]
[TimeControl "900+10"]

1. c4 e5 2. g3 Nf6 3. Bg2 d5 4. cxd5 Nxd5 5. Nc3 Nxc3 6. bxc3 c5 7. Nf3 Nc6 8. 0-0 Be7 9. d3 0-0 10. Rb1 Qe8 11. Nd2 Rb8 12. a4 Be6 13. Nc4 b6 14. Bxc6 Qxc6 15. Nxe5 Qd5 16. f4 f6 17. Nf3 c4 18. Rb5 Qd7 19. Be3 Rfe8 20. Bd4 Bf8 21. Rb2 cxd3 22. exd3 Bd5 23. Rbf2 Kh8 24. Nh4 Bc6 25. Qh5 Kg8 26. Nf3 Bxa4 27. g4 Bb5 28. Rd1 Bc6 29. g5 Qf5 30. Qh4 fxg5 31. Qxg5 1/2-1/2

[Event "FIDE World Rapid-ch Open 2018"]
[White "Tsydypov, Zhamsaran"]
[Black "Oparin, Grigoriy"]
[Site "St. Petersburg"]
[Round "3.13"]
[Annotator "ChessBase"]
[Result "1/2-1/2"]
[Date "2018.12.26"]
[WhiteElo "2529"]
[BlackElo "2613"]
[PlyCount "111"]
[TimeControl "900+10"]

1. e4 e5 2. Nf3 Nc6 3. Bc4 Nf6 4. d3 Bc5 5. c3 0-0 6. 0-0 d6 7. Nbd2 a5 8. h3 Be6 9. Bb5 Ba7 10. Re1 Ne7 11. d4 c6 12. Bf1 Ng6 13. b3 Re8 14. Bb2 Qc7 15. c4 exd4 16. Nxd4 Rad8 17. Rc1 Bc8 18. Qf3 Ne5 19. Qg3 Qe7 20. Nf5 Bxf5 21. exf5 h6 22. Be2 Qd7 23. Qf4 Bb8 24. Ne4 Nxe4 25. Qxe4 d5 26. cxd5 cxd5 27. Qd4 f6 28. Bh5 Re7 29. Ba3 Nc6 30. Rxe7 Nxe7 31. Qb6 Nc6 32. Be2 Ba7 33. Qb5 Qxf5 34. Bf3 Nd4 35. Qxa5 Nxf3+ 36. gxf3 Ra8 37. Kg2 Qg6+ 38. Kh1 Kh7 39. Bc5 Qg5 40. Rg1 Qf5 41. Rg3 Bb8 42. Qxa8 Bxg3 43. fxg3 Qxf3+ 44. Kh2 Qe2+ 45. Kg1 Qe1+ 46. Kg2 Qe4+ 47. Kg1 Qb1+ 48. Kg2 Qe4+ 49. Kg1 d4 50. Qa5 Qe3+ 51. Kg2 Qe2+ 52. Kg1 d3 53. Bb4 Qe3+ 54. Kg2 Qe4+ 55. Kf2 Qe2+ 56. Kg1 1/2-1/2

[Event "FIDE World Rapid-ch Open 2018"]
[White "Cheparinov, Ivan"]
[Black "Khanin, Semen"]
[Site "St. Petersburg"]
[Round "3.14"]
[Annotator "ChessBase"]
[Result "1/2-1/2"]
[Date "2018.12.26"]
[WhiteElo "2709"]
[BlackElo "2514"]
[PlyCount "109"]
[TimeControl "900+10"]

1. Nf3 d5 2. d4 Nf6 3. c4 e6 4. g3 dxc4 5. Bg2 Bd7 6. 0-0 Bc6 7. Qc2 b5 8. Nc3 Nbd7 9. e4 Be7 10. d5 exd5 11. Nd4 Bb7 12. exd5 Nc5 13. Nc6 Bxc6 14. dxc6 a6 15. Be3 Qd3 16. Rac1 0-0 17. Rfd1 Qxc2 18. Rxc2 Rad8 19. Rcd2 Rxd2 20. Rxd2 Nd3 21. a4 Bb4 22. axb5 axb5 23. Re2 Rb8 24. Ba7 Re8 25. Rxe8+ Nxe8 26. Nxb5 Nxb2 27. Bd4 Nd3 28. Bd5 Bc5 29. Bxc4 Bxd4 30. Bxd3 Bb6 31. Kg2 Kf8 32. f4 g6 33. g4 Ke7 34. Kf3 Ng7 35. Bc4 h5 36. h3 hxg4+ 37. hxg4 Ne6 38. Ke4 Nc5+ 39. Kd5 Ne6 40. Ke4 Nc5+ 41. Ke5 f6+ 42. Kd5 Ne6 43. Ke4 Nc5+ 44. Kf3 Ne6 45. Ke4 Nc5+ 46. Kd5 Ne6 47. f5 gxf5 48. gxf5 Ng5 49. Be2 Nf7 50. Nc3 Ba5 51. Na4 Nd6 52. Bd3 Bb4 53. Bc2 Nc8 54. Bd3 Nb6+ 55. Nxb6 1/2-1/2

[Event "FIDE World Rapid-ch Open 2018"]
[White "Morozevich, Alexander"]
[Black "Firouzja, Alireza"]
[Site "St. Petersburg"]
[Round "3.15"]
[Annotator "ChessBase"]
[Result "1/2-1/2"]
[Date "2018.12.26"]
[WhiteElo "2656"]
[BlackElo "2607"]
[PlyCount "82"]
[TimeControl "900+10"]

1. e4 c5 2. Nf3 Nc6 3. d4 cxd4 4. Nxd4 Nf6 5. Nc3 d6 6. Bc4 e6 7. Be3 a6 8. Bb3 Na5 9. f4 Qc7 10. g4 Nc4 11. Qe2 Nxb2 12. Bd2 Qc5 13. Nf5 exf5 14. exf5+ Be7 15. Rb1 0-0 16. Rxb2 Re8 17. Kd1 Bf8 18. Qc4 Qxc4 19. Bxc4 Nxg4 20. Rg1 Bxf5 21. Rxb7 Re7 22. Rxe7 Bxe7 23. Nd5 Bh4 24. Be1 Bd8 25. h3 Nf6 26. Bc3 Kf8 27. Nxf6 Bxf6 28. Bxf6 gxf6 29. Rg3 Rc8 30. Bb3 Be4 31. Kd2 Rc5 32. Re3 Bf5 33. h4 Bd7 34. Rc3 Be6 35. Rxc5 dxc5 36. Kc3 Ke7 37. Bc4 a5 38. a3 Kd6 39. Be2 h6 40. Bf3 Bd5 41. Be2 Be6 1/2-1/2

[Event "FIDE World Rapid-ch Open 2018"]
[White "Kevlishvili, Robby"]
[Black "Matlakov, Maxim"]
[Site "St. Petersburg"]
[Round "3.16"]
[Annotator "ChessBase"]
[Result "1/2-1/2"]
[Date "2018.12.26"]
[WhiteElo "2451"]
[BlackElo "2700"]
[PlyCount "94"]
[TimeControl "900+10"]

1. e4 e5 2. Nf3 Nc6 3. Bb5 a6 4. Ba4 Nf6 5. 0-0 Nxe4 6. d4 b5 7. Bb3 d5 8. dxe5 Be6 9. Be3 Be7 10. c3 0-0 11. h3 Qd7 12. Nbd2 Nxd2 13. Qxd2 Na5 14. Rad1 Rad8 15. Bc2 Nc4 16. Qc1 Nxe3 17. Qxe3 c5 18. Ng5 Bxg5 19. Qxg5 d4 20. cxd4 cxd4 21. Rd2 Qc7 22. Rfd1 h6 23. Qg3 d3 24. Rxd3 Bxa2 25. Rxd8 Rxd8 26. Rxd8+ Qxd8 27. Qa3 Qd2 28. Qxa2 Qxc2 29. Qxa6 Qc1+ 30. Kh2 Qf4+ 31. Kg1 Qc1+ 32. Kh2 Qf4+ 33. Kg1 Qxe5 34. Qc8+ Kh7 35. Qc2+ g6 36. g3 Kg7 37. h4 h5 38. Kg2 Qd4 39. Qe2 b4 40. Qc2 Qd5+ 41. Kf1 Kf6 42. Ke2 Qe5+ 43. Kf1 Qd4 44. Ke2 Qe5+ 45. Kf1 Kg7 46. Kg2 Qd4 47. Kf1 Qd5 1/2-1/2

[Event "FIDE World Rapid-ch Open 2018"]
[White "Steinberg, Nitzan"]
[Black "Korobov, Anton"]
[Site "St. Petersburg"]
[Round "3.17"]
[Annotator "ChessBase"]
[Result "0-1"]
[Date "2018.12.26"]
[WhiteElo "2532"]
[BlackElo "2698"]
[PlyCount "79"]
[TimeControl "900+10"]

1. e4 c5 2. Nf3 d6 3. d4 cxd4 4. Nxd4 Nf6 5. Nc3 a6 6. h4 Nc6 7. Be3 Ng4 8. Nxc6 bxc6 9. Bd2 Rb8 10. b3 Nf6 11. Bd3 Nd7 12. Qe2 Nc5 13. Bc4 e6 14. 0-0-0 Be7 15. Bf4 Qa5 16. Qd2 e5 17. Bg5 f6 18. Be3 Rb4 19. Bxc5 Qxc5 20. Qd3 Qxf2 21. h5 a5 22. Kb1 Bd7 23. Rd2 Qa7 24. a3 Rb8 25. Qg3 Kf8 26. h6 g6 27. Rf1 Ke8 28. Ka2 Rf8 29. Rfd1 Qc7 30. Qe3 f5 31. g3 f4 32. gxf4 Rxf4 33. Rg1 Qb6 34. Qe1 Kd8 35. Bg8 Kc7 36. Bxh7 Be6 37. Qd1 Rf2 38. Rxg6 Bxb3+ 39. cxb3 Qxb3+ 40. Ka1 0-1

[Event "FIDE World Rapid-ch Open 2018"]
[White "Karjakin, Sergey"]
[Black "Demchenko, Anton"]
[Site "St. Petersburg"]
[Round "3.18"]
[Annotator "ChessBase"]
[Result "1-0"]
[Date "2018.12.26"]
[WhiteElo "2753"]
[BlackElo "2679"]
[PlyCount "87"]
[TimeControl "900+10"]

1. e4 e5 2. Nf3 Nc6 3. Bc4 Nf6 4. d3 Be7 5. 0-0 0-0 6. a3 d6 7. Nc3 Bg4 8. h3 Bh5 9. Nd5 Nxd5 10. Bxd5 Bxf3 11. Qxf3 Nd4 12. Qd1 c6 13. Ba2 Bg5 14. c3 Bxc1 15. Rxc1 Ne6 16. g3 Qe7 17. Qg4 g6 18. Rce1 h5 19. Qd1 Kg7 20. h4 Rad8 21. Kg2 a5 22. Re3 b5 23. Qe1 g5 24. Qd1 Rh8 25. Rh1 Rh6 26. Bxe6 fxe6 27. d4 exd4 28. hxg5 Qxg5 29. Qxd4+ e5 30. Qa7+ Kg8 31. Rf3 Qg6 32. Rh4 d5 33. Qxa5 Qd6 34. Rf5 d4 35. cxd4 exd4 36. Qd2 Re8 37. Rfxh5 Rxh5 38. Rxh5 Qf6 39. Rf5 Qe7 40. Qxd4 Qxe4+ 41. Qxe4 Rxe4 42. Rc5 Re2 43. Rxc6 Rxb2 44. Ra6 1-0

[Event "FIDE World Rapid-ch Open 2018"]
[White "Salgado Lopez, Ivan"]
[Black "Mamedov, Rauf"]
[Site "St. Petersburg"]
[Round "3.21"]
[Annotator "ChessBase"]
[Result "1/2-1/2"]
[Date "2018.12.26"]
[WhiteElo "2629"]
[BlackElo "2703"]
[PlyCount "25"]
[TimeControl "900+10"]

1. e4 c5 2. c3 Nf6 3. e5 Nd5 4. Bc4 Nb6 5. Bb3 Nc6 6. Nf3 d5 7. exd6 Qxd6 8. Na3 Be6 9. 0-0 Bxb3 10. Qxb3 e6 11. d4 cxd4 12. Nb5 Qd7 13. Nbxd4 1/2-1/2

[Event "FIDE World Rapid-ch Open 2018"]
[White "Tomashevsky, Evgeny"]
[Black "Shaposhnikov, Evgeny"]
[Site "St. Petersburg"]
[Round "3.22"]
[Annotator "ChessBase"]
[Result "1/2-1/2"]
[Date "2018.12.26"]
[WhiteElo "2705"]
[BlackElo "2576"]
[PlyCount "54"]
[TimeControl "900+10"]

1. Nf3 c5 2. c4 Nc6 3. Nc3 Nd4 4. e3 Nxf3+ 5. Qxf3 g6 6. b3 Bg7 7. Bb2 Rb8 8. Be2 d6 9. 0-0 Nh6 10. Qe4 0-0 11. Rfd1 Bf5 12. Qh4 Bd7 13. d4 Nf5 14. Qe4 cxd4 15. exd4 e6 16. Rd2 Re8 17. Rad1 Bc6 18. Qg4 h5 19. Qh3 d5 20. Bd3 Nxd4 21. Bxg6 fxg6 22. Rxd4 Bxd4 23. Rxd4 Qf6 24. Qe3 Rbd8 25. h3 dxc4 26. Rxc4 e5 27. Ne4 Qf5 1/2-1/2

[Event "FIDE World Rapid-ch Open 2018"]
[White "Iljiushenok, Ilia"]
[Black "Jakovenko, Dmitry"]
[Site "St. Petersburg"]
[Round "3.23"]
[Annotator "RC"]
[Result "0-1"]
[Date "2018.12.26"]
[WhiteElo "2533"]
[BlackElo "2735"]
[PlyCount "84"]
[TimeControl "900+10"]

1. e4 e5 2. Nf3 Nc6 3. d4 exd4 4. Nxd4 Nf6 5. Nxc6 bxc6 6. e5 Qe7 7. Qe2 Nd5 8. c4 Ba6 9. b3 g6 10. f4 g5 11. fxg5 h6 12. Nd2 hxg5 13. Bb2 Bg7 14. 0-0-0 Nf4 15. Qe3 f6 16. Re1 fxe5 17. g3 Ne6 18. Bxe5 Bxe5 19. Qxe5 0-0-0 20. Qa5 Bb7 21. Bd3 Rdf8 22. Bf5 c5 23. Be4 Rf2 24. Qxa7 c6 25. Qa5 Qf6 26. h3 Qa1+ 27. Kc2 Nd4+ 28. Kd3 Qb2 29. Qc3 Qxc3+ 30. Kxc3 Ne2+ 31. Rxe2 Rxe2 32. Kd3 Rf2 33. Bf3 Re8 34. h4 Re6 35. Rd1 gxh4 36. gxh4 Kc7 37. h5 d5 38. Bg4 Ref6 39. Rh1 R6f4 40. h6 Rxg4 41. h7 Rd4+ 42. Ke3 Rdxd2 {[%emt 0:0:4]
Kd4} 0-1

[Event "FIDE World Rapid-ch Open 2018"]
[White "Postny, Evgeny"]
[Black "Jobava, Baadur"]
[Site "St. Petersburg"]
[Round "3.25"]
[Annotator "ChessBase"]
[Result "1-0"]
[Date "2018.12.26"]
[WhiteElo "2615"]
[BlackElo "2627"]
[PlyCount "125"]
[TimeControl "900+10"]

1. d4 Nf6 2. c4 e6 3. Nf3 Bb4+ 4. Bd2 Bxd2+ 5. Qxd2 d5 6. e3 0-0 7. Nc3 Qe7 8. a3 Rd8 9. cxd5 exd5 10. Bd3 Nc6 11. h3 a6 12. Qc2 Na7 13. 0-0 c6 14. a4 a5 15. Rfe1 g6 16. e4 dxe4 17. Nxe4 Nxe4 18. Rxe4 Qf6 19. Qd2 Be6 20. Rf4 Qg7 21. Qxa5 Nb5 22. Qb6 Nd6 23. h4 h6 24. Re1 Re8 25. Qc5 Rad8 26. Qe5 Bd5 27. Qxg7+ Kxg7 28. Re3 f6 29. Rg4 f5 30. Rg3 Be4 31. Bxe4 Nxe4 32. Rh3 Kf6 33. Rb3 Re7 34. Rb4 Rd6 35. g3 c5 36. dxc5 Nxc5 37. g4 Rd1+ 38. Kg2 Nd3 39. Rb6+ Kg7 40. gxf5 Nf4+ 41. Kg3 Nh5+ 42. Kh2 gxf5 43. Ng1 Nf6 44. Rg3+ Ng4+ 45. Kg2 Rd2 46. Nh3 Kh7 47. Rgb3 Rdd7 48. Nf4 Ne5 49. Nh5 Rd4 50. Rxb7 Rxb7 51. Rxb7+ Kg6 52. Ng3 Rxh4 53. a5 Ra4 54. b4 Nd3 55. Rb6+ Kg5 56. Rb5 Nxb4 57. Rxf5+ Kg6 58. Rf4 h5 59. a6 Kg5 60. Rc4 h4 61. Ne4+ Kf5 62. Nc5 h3+ 63. Kh2 1-0

[Event "FIDE World Rapid-ch Open 2018"]
[White "Demidov, Mikhail"]
[Black "Anton Guijarro, David"]
[Site "St. Petersburg"]
[Round "3.26"]
[Annotator "ChessBase"]
[Result "1/2-1/2"]
[Date "2018.12.26"]
[WhiteElo "2520"]
[BlackElo "2642"]
[PlyCount "73"]
[TimeControl "900+10"]

1. d4 f5 2. g3 Nf6 3. Bg2 g6 4. Nf3 Bg7 5. 0-0 0-0 6. b4 c6 7. Bb2 a5 8. a3 axb4 9. axb4 Rxa1 10. Bxa1 Na6 11. c3 d5 12. Nbd2 Ne4 13. e3 Be6 14. Bb2 Nc7 15. Nb3 Nb5 16. Qc2 Nbd6 17. Nc5 Bc8 18. Nd3 Nc4 19. Ra1 g5 20. Nfe5 Ncd6 21. Nc4 Nxc4 22. Bc1 Qc7 23. b5 e6 24. bxc6 Qxc6 25. Qb3 b6 26. Nb4 Qd7 27. Nd3 Qc7 28. Nb2 Na5 29. Qb4 Bd7 30. Bd2 Rc8 31. Nd3 Nc4 32. Be1 Bf8 33. Qb3 Bc6 34. Nb2 Na5 35. Qd1 Bb5 36. h3 Nc4 37. Nd3 1/2-1/2

[Event "FIDE World Rapid-ch Open 2018"]
[White "Akopian, Vladimir"]
[Black "Sokolov, Andrei"]
[Site "St. Petersburg"]
[Round "3.27"]
[Annotator "ChessBase"]
[Result "1-0"]
[Date "2018.12.26"]
[WhiteElo "2650"]
[BlackElo "2532"]
[PlyCount "71"]
[TimeControl "900+10"]

1. Nf3 d6 2. e4 Nf6 3. Nc3 c6 4. d4 Bg4 5. Be2 e6 6. 0-0 d5 7. e5 Bxf3 8. exf6 Bxe2 9. fxg7 Bxg7 10. Nxe2 Nd7 11. Nf4 Nf6 12. Re1 Qe7 13. a4 0-0-0 14. a5 a6 15. Ra3 Ne4 16. Nh5 Rhg8 17. Bf4 Bh8 18. Ng3 Nxg3 19. hxg3 h5 20. Qd2 h4 21. Rf3 hxg3 22. Bxg3 Rg4 23. c3 Bf6 24. Qh6 Bg7 25. Qh5 Rg6 26. Bh4 Qd7 27. Bxd8 Kxd8 28. Ree3 Bh6 29. Rd3 Qe7 30. Rg3 Bg5 31. Rdf3 Ke8 32. Qh8+ Qf8 33. Qe5 Qh6 34. Rh3 Qg7 35. Rh8+ Kd7 36. Qb8 1-0

[Event "FIDE World Rapid-ch Open 2018"]
[White "Predke, Alexandr"]
[Black "Motylev, Alexander"]
[Site "St. Petersburg"]
[Round "3.28"]
[Annotator "ChessBase"]
[Result "1/2-1/2"]
[Date "2018.12.26"]
[WhiteElo "2622"]
[BlackElo "2644"]
[PlyCount "83"]
[TimeControl "900+10"]

1. e4 e5 2. Nc3 Nf6 3. g3 d5 4. exd5 Nxd5 5. Bg2 Nxc3 6. bxc3 Bc5 7. Nf3 Nc6 8. 0-0 0-0 9. Qe2 Re8 10. d3 Bg4 11. h3 Bh5 12. g4 Bg6 13. Nd2 Bb6 14. Ne4 Ne7 15. a4 c6 16. c4 f5 17. Ng5 h6 18. a5 Bd4 19. Ne6 Qd7 20. Nxd4 exd4 21. Qf3 Rf8 22. Qg3 fxg4 23. hxg4 h5 24. Ba3 hxg4 25. Qd6 Qxd6 26. Bxd6 Rf7 27. a6 b6 28. c5 bxc5 29. Bxc5 Nd5 30. Bxd5 cxd5 31. Bxd4 Rc8 32. Ra2 Rc6 33. Rb1 Bf5 34. Rb5 Be6 35. Kg2 Kh7 36. Rb7 Rcc7 37. Rb8 Rc6 38. Rd8 Rfc7 39. c3 Rc8 40. Rxc8 Bxc8 41. Bxa7 Rxa6 42. Rxa6 1/2-1/2

[Event "FIDE World Rapid-ch Open 2018"]
[White "Moiseenko, Vadim"]
[Black "Salem, A.R. Saleh"]
[Site "St. Petersburg"]
[Round "3.29"]
[Annotator "ChessBase"]
[Result "1/2-1/2"]
[Date "2018.12.26"]
[WhiteElo "2501"]
[BlackElo "2660"]
[PlyCount "144"]
[TimeControl "900+10"]

1. e4 c5 2. Nf3 d6 3. d4 cxd4 4. Nxd4 Nf6 5. Nc3 a6 6. Be3 Ng4 7. Bc1 Nf6 8. Be3 Ng4 9. Bg5 h6 10. Bh4 g5 11. Bg3 Bg7 12. h3 Ne5 13. f3 Nbc6 14. Bf2 Be6 15. Qd2 Nxd4 16. Bxd4 Rc8 17. h4 Qa5 18. a3 b5 19. Rd1 Rg8 20. hxg5 hxg5 21. Be2 Bf6 22. g3 Rc4 23. Bxe5 Bxe5 24. Bxc4 Bxg3+ 25. Kf1 Bxc4+ 26. Kg2 Be5 27. Rh5 Qd8 28. Rxg5 Kd7 29. Qe3 Rxg5+ 30. Qxg5 Qh8 31. Rh1 Bf1+ 32. Kg1 Bd4+ 33. Kxf1 Qxh1+ 34. Ke2 e6 35. Nd1 Be5 36. Qe3 Ke8 37. c3 Qh2+ 38. Qf2 Qh6 39. Ne3 Bg7 40. Qg1 Kf8 41. Ng4 Qh3 42. Qh2 Qxh2+ 43. Nxh2 Ke7 44. Ng4 Kd7 45. Kd3 Kc6 46. Ne3 Bh6 47. Nc2 Kc5 48. Nd4 Bg5 49. Ne2 Bh6 50. Nd4 Bg7 51. f4 d5 52. b4+ Kd6 53. e5+ Kd7 54. Nb3 Bf8 55. Kd4 Kc6 56. Ke3 Kd7 57. Kd4 Kc6 58. Ke3 Be7 59. Nd4+ Kd7 60. Nb3 Kc6 61. Nd4+ Kc7 62. Nb3 Kd7 63. Kd4 Kc6 64. Ke3 Bd8 65. Nd4+ Kd7 66. Kf3 Bb6 67. f5 Bxd4 68. cxd4 exf5 69. Kf4 Ke6 70. Kg5 f4 71. Kxf4 f6 72. exf6 Kxf6 {[%emt 0:0:1] Ke4 Ke5+} 1/2-1/2

[Event "FIDE World Rapid-ch Open 2018"]
[White "Zubov, Alexander"]
[Black "Drygalov, Sergey"]
[Site "St. Petersburg"]
[Round "3.30"]
[Annotator "ChessBase"]
[Result "1-0"]
[Date "2018.12.26"]
[WhiteElo "2597"]
[BlackElo "2446"]
[PlyCount "141"]
[TimeControl "900+10"]

1. d4 d5 2. c4 c6 3. Nf3 Nf6 4. Qb3 dxc4 5. Qxc4 Bg4 6. Nbd2 Nbd7 7. g3 e6 8. Bg2 Be7 9. Qb3 Qb6 10. Nc4 Qxb3 11. axb3 Bb4+ 12. Bd2 Bxf3 13. Bxf3 Bxd2+ 14. Kxd2 Ke7 15. e4 Rhd8 16. Ke3 c5 17. Rhd1 cxd4+ 18. Rxd4 e5 19. Rd2 b5 20. Nd6 Nc5 21. Nf5+ Ke8 22. Rxd8+ Rxd8 23. b4 Nb3 24. Rxa7 g6 25. Nh6 Rd7 26. Ra8+ Ke7 27. Be2 Nd4 28. Bd3 Rc7 29. f4 Nc6 30. Bxb5 exf4+ 31. gxf4 Nxb4 32. e5 Nd7 33. Kd4 Rb7 34. Ba4 f6 35. Ng8+ Kf7 36. Bb3+ Kg7 37. e6 Nb6 38. Re8 Nc6+ 39. Kc5 Na5 40. Bd5 Na4+ 41. Kd6 Rb6+ 42. Kc7 Rxb2 43. e7 Rc2+ 44. Kd6 Nb6 45. Rb8 Nc8+ 46. Rxc8 Rxc8 47. Kd7 Rb8 48. e8=Q Rxe8 49. Kxe8 f5 50. Ke7 h6 51. Nf6 g5 52. Nh5+ Kg6 53. Bf7+ Kh7 54. Kf6 gxf4 55. Nxf4 Nc6 56. Bg6+ Kh8 57. Bxf5 Nd4 58. Be4 Nb3 59. Kg6 Nd2 60. Bg2 Nc4 61. Kxh6 Ne3 62. Bf3 Kg8 63. Kg6 Kh8 64. h4 Nc4 65. Be2 Ne5+ 66. Kf5 Nf7 67. Kf6 Nd6 68. Bd3 Ne8+ 69. Ke7 Nc7 70. Kd7 Na8 71. Kc6 1-0

[Event "FIDE World Rapid-ch Open 2018"]
[White "Khusnutdinov, Rustam"]
[Black "Fridman, Daniel"]
[Site "St. Petersburg"]
[Round "3.31"]
[Annotator "ChessBase"]
[Result "1/2-1/2"]
[Date "2018.12.26"]
[WhiteElo "2470"]
[BlackElo "2633"]
[PlyCount "144"]
[TimeControl "900+10"]

1. e4 c6 2. d3 d5 3. Nd2 g6 4. g3 Bg7 5. Bg2 b6 6. Ngf3 Bb7 7. 0-0 Nd7 8. Re1 e6 9. Nf1 Ne7 10. c3 dxe4 11. dxe4 Nc5 12. Bg5 h6 13. Bxe7 Qxd1 14. Raxd1 Kxe7 15. e5 Na4 16. Rd2 Rhd8 17. Nd4 Rac8 18. f4 Ba8 19. Rc2 a6 20. Ne3 c5 21. Ne2 Bxg2 22. Kxg2 b5 23. b3 Nb6 24. c4 b4 25. Rd1 f6 26. exf6+ Bxf6 27. Rcd2 Rxd2 28. Rxd2 h5 29. Nd1 a5 30. Nf2 Rd8 31. Rxd8 Kxd8 32. Ne4 Be7 33. Nc1 Nd7 34. Nd3 Kc7 35. Kf3 Kb6 36. h4 Kc7 37. Ndf2 Nb8 38. Nd3 Nd7 39. Ke3 Bd6 40. Nd2 Kd8 41. Ne4 Kc7 42. Ng5 Nf8 43. Ke4 Kb7 44. Nf7 Kc7 45. Nde5 Be7 46. Nh8 Nh7 47. Nhxg6 Nf6+ 48. Kf3 Bd6 49. Nd3 a4 50. Nge5 a3 51. Nf7 Kd7 52. Ng5 Ng4 53. Ne4 Kc6 54. Ndf2 Nh6 55. Nd3 Nf5 56. Nd2 Be7 57. Kf2 Bf6 58. Nf3 Kd6 59. Nc1 Bd4+ 60. Nxd4 Nxd4 61. g4 hxg4 62. Kg3 Ke7 63. Kxg4 Kf7 64. Kg5 Nf3+ 65. Kg4 Nd4 66. Kg3 Kg6 67. Kg4 Kg7 68. h5 Kh6 69. Kh4 Nf5+ 70. Kg4 Nd4 71. Kh4 Nf5+ 72. Kg4 Nd4 1/2-1/2

[Event "FIDE World Rapid-ch Open 2018"]
[White "Riazantsev, Alexander"]
[Black "Usmanov, Vasily"]
[Site "St. Petersburg"]
[Round "3.32"]
[Annotator "ChessBase"]
[Result "1/2-1/2"]
[Date "2018.12.26"]
[WhiteElo "2649"]
[BlackElo "2450"]
[PlyCount "84"]
[TimeControl "900+10"]

1. d4 d5 2. c4 e6 3. Nf3 Nf6 4. Bg5 Be7 5. e3 h6 6. Bxf6 Bxf6 7. Qc2 Nd7 8. Nc3 c6 9. h4 b6 10. 0-0-0 Bb7 11. Kb1 Qc7 12. Be2 0-0-0 13. cxd5 exd5 14. Rc1 Nf8 15. Nb5 Qb8 16. Ne5 Bxe5 17. dxe5 Ne6 18. Bg4 Qxe5 19. Nxa7+ Kb8 20. Nxc6+ Bxc6 21. Qxc6 Rd6 22. Qc2 Qe4 23. Bxe6 Qxc2+ 24. Rxc2 fxe6 25. Rhc1 e5 26. Rc7 Rf8 27. f3 Rg6 28. R7c6 Rff6 29. Rc8+ Kb7 30. R1c7+ Ka6 31. Rc2 e4 32. f4 Rg3 33. R8c3 g5 34. hxg5 hxg5 35. fxg5 Rf1+ 36. Rc1 Rxc1+ 37. Kxc1 Rxg2 38. Ra3+ Kb5 39. Rb3+ Kc5 40. Rc3+ Kb5 41. Rb3+ Kc6 42. Rc3+ Kb5 1/2-1/2